 Dungeon Crawl Stone Soup version 0.22-a0-362-g535178c (webtiles) character file.

19 dstrtnsr the Chiller (level 2, 0/20 HPs)
             Began as a Gnoll Ice Elementalist on Apr 22, 2018.
             Was an Initiate of the Shining One.
             Killed by nerve-wracking pain
             ... invoked by Jessica
              (11 damage)
             ... on level 2 of the Dungeon.
             The game lasted 00:01:18 (188 turns).

dstrtnsr the Chiller (Gnoll Ice Elementalist)        Turns: 188, Time: 00:01:18

Health: 0/20       AC:  2    Str: 10    XL:     2   Next: 75%
Magic:  1/7        EV: 14    Int: 17    God:    the Shining One [......]
Gold:   14         SH:  0    Dex: 15    Spells: 9/10 levels left

rFire    . . .     SeeInvis .   (no weapon)
rCold    . . .     Gourm    .   (no shield)
rNeg     . . .     Faith    .   a - +0 robe
rPois    .         Spirit   .   (no helmet)
rElec    .         Reflect  .   (no cloak)
rCorr    .         Harm     .   (no gloves)
MR       .....                  (no boots)
Stlth    +.........             (no amulet)
HPRegen  0.06/turn              (no ring)
MPRegen  0.10/turn              (no ring)

@: glowing
A: distributed training, fangs 1, strong nose
a: Renounce Religion


You were on level 2 of the Dungeon.
You worshipped the Shining One.
The Shining One was noncommittal.
You were not hungry.

You visited 1 branch of the dungeon, and saw 2 of its levels.

You collected 14 gold pieces.

Inventory:

Hand Weapons
 d - a +0 whip
Armour
 a - a +0 robe (worn)
Scrolls
 b - a scroll of fear {unknown}
Comestibles
 c - 2 rations {!d}


   Skills:
 + Level 0.5 Fighting
 + Level 0.5 Short Blades
 + Level 0.5 Long Blades
 + Level 0.5 Axes
 + Level 0.5 Maces & Flails
 + Level 0.5 Polearms
 + Level 0.5 Staves
 + Level 0.5 Slings
 + Level 0.5 Bows
 + Level 0.5 Crossbows
 + Level 0.5 Throwing
 + Level 0.5 Armour
 + Level 4.5 Dodging
 + Level 4.1 Stealth
 + Level 0.5 Shields
 + Level 0.5 Unarmed Combat
 + Level 4.9 Spellcasting
 + Level 2.0 Conjurations
 + Level 0.3 Hexes
 + Level 0.3 Charms
 + Level 0.3 Summonings
 + Level 0.3 Necromancy
 + Level 0.3 Translocations
 + Level 0.3 Transmutations
 + Level 0.3 Fire Magic
 + Level 5.3 Ice Magic
 + Level 0.3 Air Magic
 + Level 0.3 Earth Magic
 + Level 0.3 Poison Magic
 + Level 0.6 Invocations
 + Level 0.5 Evocations


You had 9 spell levels left.
You knew the following spells:

 Your Spells              Type           Power        Failure   Level  Hunger
a - Freeze                Ice            ###.         1%          1    None


Dungeon Overview and Level Annotations

Branches:
Dungeon (2/15)

Altars:
The Shining One

Annotations:
D:2 Jessica


Innate Abilities, Weirdness & Mutations

Your experience applies equally to all skills.
You have very sharp teeth.
Your uncanny sense of smell can sniff out nearby items.


Message History

Casting: Freeze (safe; 1% risk of failure)
Confirm with . or Enter, or press ? or * to list all spells.
You can't see any susceptible monsters within range! (Use Z to cast anyway.) Unknown command.
Casting: Freeze (safe; 1% risk of failure)
Confirm with . or Enter, or press ? or * to list all spells.
Aiming: Freeze (safe; 1% risk of failure)
Press: ? - help, Shift-Dir - straight line, f - jackal
Aim: a jackal You freeze the jackal.
You kill the jackal!
You see here a jackal corpse.
There are no items here.
You open the door.
Found a glowing golden altar of the Shining One.
There is an open door here.
Found a stone staircase leading down.
There is an open door here.
There is a glowing golden altar of the Shining One here.
You kneel at the altar of the Shining One.
The Shining One welcomes you!
There is an open door here.
There is a stone staircase leading down here.
You climb downwards.
A quokka, an ooze and Jessica come into view.
Jessica shouts!
You hear an angry hiss.
The ooze quivers.
Found a stone staircase leading down.
There is a stone staircase leading up here.
Unknown command.
Casting: Freeze (safe; 1% risk of failure)
Confirm with . or Enter, or press ? or * to list all spells.
Okay, then.
Unknown command.
A dart slug comes into view.
The ooze hits you.
Damage: -5%(-1hp) hp: 95%(19hp) Unknown command.
Casting: Freeze (safe; 1% risk of failure)
Confirm with . or Enter, or press ? or * to list all spells.
Aiming: Freeze (safe; 1% risk of failure)
Press: ? - help, Shift-Dir - straight line, f - quokka
Aim: a quokka You freeze the quokka.
You kill the quokka!
The ooze misses you.
Unknown command.
Casting: Freeze (safe; 1% risk of failure)
Confirm with . or Enter, or press ? or * to list all spells.
Aiming: Freeze (safe; 1% risk of failure)
Press: ? - help, Shift-Dir - straight line, f - ooze
Aim: an ooze You freeze the ooze.
The ooze is severely wounded.
The ooze hits you.
Damage: -10%(-2hp) hp: 85%(17hp)
Casting: Freeze (safe; 1% risk of failure)
Confirm with . or Enter, or press ? or * to list all spells.
Aiming: Freeze (safe; 1% risk of failure)
Press: ? - help, Shift-Dir - straight line, f/p - ooze
Aim: an ooze (severely wounded)
You freeze the ooze.
You kill the ooze!
Unknown command.
The dart slug launches a dart at you. The slug dart hits you!
A leopard gecko comes into view.
Damage: -10%(-2hp) hp: 75%(15hp) Unknown command.
Casting: Freeze (safe; 1% risk of failure)
Confirm with . or Enter, or press ? or * to list all spells.
Aiming: Freeze (safe; 1% risk of failure)
Press: ? - help, Shift-Dir - straight line, f - Jessica
Aim: Jessica, wielding a club and wearing a robe You freeze Jessica.
Jessica is lightly wounded.
Jessica hits you with a club.
Huge Dmg: -20%(-4hp) hp: 55%(11hp)
Casting: Freeze (safe; 1% risk of failure)
Confirm with . or Enter, or press ? or * to list all spells.
Aiming: Freeze (safe; 1% risk of failure)
Press: ? - help, Shift-Dir - straight line, f/p - Jessica
Aim: Jessica, wielding a club and wearing a robe (lightly wounded)
You freeze Jessica.
Jessica is moderately wounded.
Jessica barely misses you. The dart slug launches a dart at you.
The slug dart misses you.
Unknown command.
Casting: Freeze (safe; 1% risk of failure)
Confirm with . or Enter, or press ? or * to list all spells.
Aiming: Freeze (safe; 1% risk of failure)
Press: ? - help, Shift-Dir - straight line, f/p - Jessica
Aim: Jessica, wielding a club and wearing a robe (moderately wounded)
You freeze Jessica.
Jessica is almost dead.
Jessica points at you and mumbles some strange words.
Pain shoots through your body!
Ouch! That really hurt!
You die...

#.# #.. .
#####.. .l
###.....# #.
@......## #.
#...... #..
#....##
.###..###@..#
.....wl.@.>.#
.......^....#
.#######.####
#.# #.# #..
###


You could see a dart slug, Jessica and a leopard gecko.

Vanquished Creatures
  An ooze (D:2)
  A dart slug (D:1)
  5 jackals (D:1)
  2 kobolds (D:1)
  A quokka (D:2)
  A bat (D:1)
  A rat (D:1)
12 creatures vanquished.

Notes
Turn   | Place    | Note
-------+----------+-------------------------------------------
     0 | D:1      | dstrtnsr the Gnoll Ice Elementalist began the quest for the Orb.
     0 | D:1      | Reached XP level 1. HP: 13/13 MP: 6/6
    93 | D:1      | Reached XP level 2. HP: 18/19 MP: 5/7
   120 | D:1      | Found a glowing golden altar of the Shining One.
   155 | D:1      | Became a worshipper of the Shining One
   178 | D:2      | Noticed Jessica
   188 | D:2      | Killed from afar by Jessica

Vault maps used:
D:1:      denvon_arrival_planthouse, tso_altar
D:2:      okawaru_gym_becter, uniq_crazy_yiuf_cottage, uniq_jessica

Skill      XL: |  1 |
---------------+----+-----
Conjurations   | 2 |  2.0
Fighting       | |  0.5
Short Blades   | |  0.5
Long Blades    | |  0.5
Axes           | |  0.5
Maces & Flails | |  0.5
Polearms       | |  0.5
Staves         | |  0.5
Slings         | |  0.5
Bows           | |  0.5
Crossbows      | |  0.5
Throwing       | |  0.5
Armour         | |  0.5
Dodging        | |  4.5
Stealth        | |  4.1
Shields        | |  0.5
Unarmed Combat | |  0.5
Spellcasting   | |  4.9
Hexes          | |  0.3
Charms         | |  0.3
Summonings     | |  0.3
Necromancy     | |  0.3
Translocations | |  0.3
Transmutations | |  0.3
Fire Magic     | |  0.3
Ice Magic      | |  5.3
Air Magic      | |  0.3
Earth Magic    | |  0.3
Poison Magic   | |  0.3
Invocations    | |  0.6
Evocations     | |  0.5

Action                   || total
-------------------------++-------
Melee: Unarmed           ||     1
       Bite              ||     1
 Cast: Freeze            ||    18
Armor: Robe              ||     1
Dodge: Dodged            ||    10

Table legend:
 A = Spawn XP
 B = Non-spawn XP
 C = Spawn XP percentage of total XP
 D = Spawn monster count
 E = Non-spawn monster count
 F = Spawn count percentage of total count
 G = Total turns spent on level
                    A         B        C        D         E        F      G
               +---------+---------+-------+---------+---------+-------+---------
         Total |       0 |      28 |   0.0 |       0 |      12 |   0.0 |   188
               +---------+---------+-------+---------+---------+-------+---------
           D:1 |       0 |      19 |   0.0 |       0 |      10 |   0.0 |   178
           D:2 |       0 |       9 |   0.0 |       0 |       2 |   0.0 |    10
               +---------+---------+-------+---------+---------+-------+---------
